 Dungeon Crawl Stone Soup version 0.20-a0-972-gb9bd3e6 (webtiles) character file.

32 Ilten the Skirmisher (level 3, 33/33 HPs)
             Began as a Minotaur Chaos Knight on Apr 9, 2017.
             Got out of the dungeon alive.
             The game lasted 00:03:58 (578 turns).

Ilten the Skirmisher (Minotaur Chaos Knight)         Turns: 578, Time: 00:03:59

Health: 33/33      AC:  5    Str: 17    XL:     3   Next: 10%
Magic:  2/2        EV: 11    Int:  9    God:    Xom [..*...]
Gold:   52         SH:  0    Dex:  9    Spells: 2/2 levels left

rFire    . . .     SeeInvis .   a - +0 falchion (chaos)
rCold    . . .     Gourm    .   (no shield)
rNeg     . . .     Faith    .   b - +2 leather armour
rPois    .         Spirit   .   (helmet restricted)
rElec    .         Reflect  .   (no cloak)
rCorr    .         Harm     .   (no gloves)
MR       .....                  (no boots)
Stlth    +.........             (no amulet)
Regen    0.2/turn               (no ring)
MPRegen  0.1/turn               (no ring)

@: no status effects
A: retaliatory headbutt, horns 2
a: Renounce Religion


You escaped.
You worshipped Xom.
You were a toy of Xom.
You were not hungry.

You visited 1 branch of the dungeon, and saw 3 of its levels.

You collected 52 gold pieces.

Inventory:

Hand Weapons
 a - a +0 falchion of chaos (weapon)
Armour
 b - a +2 leather armour (worn)
 i - a +0 leather armour
Wands
 h - a wand of flame (22/48)
Scrolls
 e - 2 scrolls of teleportation {unknown}
 f - a scroll of enchant weapon {unknown}
 g - 2 scrolls of remove curse {unknown}
 k - a scroll of identify {unknown}
Potions
 j - a potion of brilliance {unknown}
Comestibles
 c - a bread ration
 d - 2 chunks of flesh


   Skills:
 + Level 4.3 Fighting
 + Level 4.0 Long Blades
 + Level 3.1 Armour
 + Level 1.3 Dodging


You had 2 spell levels left.
You didn't know any spells.

Dungeon Overview and Level Annotations

Branches:
Dungeon (3/15)

Altars:


Innate Abilities, Weirdness & Mutations

You reflexively headbutt those who attack you in melee.
You have a pair of horns on your head.


Message History

You closely miss the giant cockroach. You headbutt the giant cockroach.
You kill the giant cockroach!
There is a stone staircase leading down here.
You climb downwards.
Found a spear and 13 gold pieces.
Found an escape hatch in the ceiling.
There is a stone staircase leading up here.
There is a stone staircase leading up here.
You climb upwards.
There is a stone staircase leading down here.
You now have 52 gold pieces (gained 14).
You see here a leopard gecko corpse.
You see here a frilled lizard skeleton.
You see here a mace.
There is a stone staircase leading up here.
You climb upwards.
There is a stone staircase leading down here.
There is an open door here.
There is a staircase leading out of the dungeon here.
Are you sure you want to leave the Dungeon?
This will make you lose the game!
You have escaped!

#.# #.#...>.......# #.#
#.#.#..####.#.### #.#
#.#.#.....#.#.... #.#
#.#.#...#.#.#..## #.#
############.#.#..## #.#.... #.#
#............#.#... #.#.#.# #.#
#.############.##.####)#.#..
#.###........#...#.#.....(......
##.#.(........+.@.'.#..####.####.
#.............#...#....####......
####.########.######.........####
#.# #.#.................. #.#
#.#.####.........#.## #.# #.#.#
#.........#.# #.# #.#.#
#.........#.# #.# #.#.#
#)........#.# #.# #####.#.#
#.........#.#


There were no monsters in sight!

Vanquished Creatures
  An adder (D:2)
  2 worms (D:2)
  2 leopard geckos
  A giant cockroach (D:2)
  A ball python (D:1)
  3 bats
  A frilled lizard (D:2)
  4 kobolds
  6 rats
21 creatures vanquished.

Notes
Turn   | Place    | Note
-------+----------+-------------------------------------------
     0 | D:1      | Ilten the Minotaur Chaos Knight began the quest for the Orb.
     0 | D:1      | Reached XP level 1. HP: 19/19 MP: 0/0
   161 | D:1      | XOM: silly message
   275 | D:1      | Reached XP level 2. HP: 25/27 MP: 1/1
   350 | D:2      | XOM: divination: detect creatures
   440 | D:2      | Reached XP level 3. HP: 33/33 MP: 2/2
   578 | D:$      | Got out of the dungeon alive.

Vault maps used:
D:1:      dpeg_arrival_tiny_e
D:3:      kennysheep_six_static_rooms, nicolae_ru_sacrificial_ziggurat,
          tso_oasis_becter, serial_forest, infiniplex_forest_straight_2,
          infiniplex_forest_clump_long, infiniplex_forest_corner_2,
          infiniplex_forest_lined_room_2, infiniplex_forest_lined_room_,
          infiniplex_forest_clump_curved, infiniplex_forest_clump_double,
          infiniplex_forest_split, infiniplex_forest_lined_corner, hex_tiny,
          uniq_natasha

Skill      XL: |  1  2 |
---------------+-------+-----
Fighting       | 4 |  4.3
Armour         | 3 |  3.1
Long Blades    | 4 |  4.0
Dodging        | |  1.3

Action                   || total
-------------------------++-------
Melee: Falchion          ||    40
       Headbutt          ||    12
Armor: Leather armour    ||    11
Dodge: Dodged            ||    24
       Rpst.: Falchion   ||     6
